 Dungeon Crawl Stone Soup version 0.20-a0-470-gbb038bd (webtiles) character file.

3448 Kidiri the Thaumaturge (level 9, -12/51 HPs)
             Began as a Deep Elf Fire Elementalist on Jan 13, 2017.
             Was an Initiate of Vehumet.
             Mangled by a two-headed ogre
             ... wielding a +0 giant club
              (23 damage)
             ... on level 8 of the Dungeon.
             The game lasted 00:22:15 (7984 turns).

Kidiri the Thaumaturge (Deep Elf Fire Elementalist) Turns: 7984, Time: 00:22:16

Health: -12/51     AC:  6    Str:  5    XL:     9   Next: 77%
Magic:  23/25      EV: 16    Int: 24    God:    Vehumet [......]
Gold:   377        SH:  3    Dex: 15    Spells: 11/29 levels left

rFire  . . .     SeeInvis .     y - +2 short sword (drain)
rCold  + . .     Gourm    .     a - +1 robe
rNeg   . . .     Faith    .     (no shield)
rPois  .         Spirit   .     (no helmet)
rElec  .         Reflect  +     (no cloak)
rCorr  .         Harm     .     d - +2 pair of gloves
MR     .....                    (no boots)
Stlth  +++.......               v - +3 amulet of reflection
                                C - ring of stealth
                                t - ring of protection from cold

@: no status effects
A: no striking features
a: Renounce Religion


You were on level 8 of the Dungeon.
You worshipped Vehumet.
Vehumet was noncommittal.
You were not hungry.

You visited 2 branches of the dungeon, and saw 9 of its levels.
You also visited: Ossuary.

You collected 377 gold pieces.

Inventory:

Hand Weapons
 p - the +4 mace "Rockum" {pain, rPois Str+2}
   (You found it on level 6 of the Dungeon)

   In the hands of one skilled in necromantic magic, it inflicts extra damage on
   living creatures.
   It affects your strength (+2).
   It protects you from poison.
 y - a +2 short sword of draining (weapon)
Armour
 a - a +1 robe (worn)
 d - a +2 pair of gloves (worn)
 o - a +0 shield
Magical Staves
 s - an uncursed staff of fire
Jewellery
 f - an uncursed amulet of regeneration
 k - an uncursed ring of teleportation
 t - a ring of protection from cold (left hand)
 v - a +3 amulet of reflection (around neck)
 C - a ring of stealth (right hand)
Wands
 x - a wand of lightning (7/15)
 z - a wand of confusion (18/48)
 A - a wand of random effects (19/48)
Scrolls
 g - a scroll of fog
 n - 6 scrolls of remove curse
 q - 3 scrolls of amnesia
 w - a scroll of teleportation
 B - a scroll of magic mapping
Potions
 e - 3 potions of flight
 i - a potion of mutation {unknown}
 j - 5 potions of curing
 l - 2 potions of haste
 r - 2 potions of berserk rage
 u - a potion of brilliance
Books
 b - a book of Flames

   Spells                             Type                      Level
   a - Flame Tongue                   Conjuration/Fire             1
   b - Throw Flame                    Conjuration/Fire             2
   c - Conjure Flame                  Conjuration/Fire             3
   d - Inner Flame                    Hexes/Fire                   3
   e - Sticky Flame                   Conjuration/Fire             4
   f - Fireball                       Conjuration/Fire             5
Comestibles
 c - 7 bread rations
 h - 8 meat rations
 D - 2 royal jellies


   Skills:
 + Level 3.2 Fighting
 + Level 4.0 Short Blades
 + Level 2.9 Armour
 + Level 5.9 Dodging
 - Level 2.4 Stealth
 + Level 1.4 Shields
 * Level 10.6 Spellcasting
 + Level 5.7 Conjurations
 + Level 6.4 Fire Magic
 + Level 1.9 Evocations


You had 11 spell levels left.
You knew the following spells:

 Your Spells              Type           Power        Failure   Level  Hunger
a - Flame Tongue          Conj/Fire      #####        1%          1    None
b - Throw Flame           Conj/Fire      #####.       1%          2    None
c - Conjure Flame         Conj/Fire      #####...     1%          3    None
d - Inner Flame           Hex/Fire       ####....     4%          3    None
e - Sticky Flame          Conj/Fire      #####...     4%          4    None
f - Fireball              Conj/Fire      #####.....   14%         5    ####...


Dungeon Overview and Level Annotations

Branches:
Dungeon (8/15)             Temple (1/1) D:6
   Lair: D:8-11

Altars:
Ashenzari
Cheibriados
Dithmenos
Elyvilon
Fedhas
Gozag
Hepliaklqana
Makhleb
Nemelex Xobeh
Okawaru
Qazlal
Ru
Sif Muna
Trog
Uskayaw
Vehumet
Xom
Yredelemnul
Zin
The Shining One

Shops:
D:4 (   D:5 }   D:6 %


Message History

Unknown command.
A scorpion comes into view.
The two-headed ogre burns!
The two-headed ogre hits you with a giant club!!
* * * LOW HITPOINT WARNING * * *
The two-headed ogre misses you.
A hungry ghost comes into view.
Unknown command.
The two-headed ogre burns!
Unknown command.
The two-headed ogre burns!
The two-headed ogre burns!
Okay, then.
Okay, then.
The two-headed ogre burns!
The two-headed ogre stops burning.
Unknown command.
The hungry ghost closely misses you.
Unknown command.
The two-headed ogre hits you with a giant club!!
You die...

#########
#....... #......
##..... #.....
#....# .. ..
+.8..# #.###.#
#..@# ...#.##
#..O#
###.#..#######W##
#......<.....s.#
#..<...........#
#..............#
#..............#
#...<..#########
######.#


You could see a two-headed ogre, a hungry ghost and a scorpion.

Vanquished Creatures
  The ghost of Uhlv the Sneak, a novice VSAr of Okawaru (D:5)
  Sigmund (D:4)
  Duvessa (D:5)
  3 ice beasts
  An orc warrior (D:6)
  A black bear (D:7)
  A necrophage (D:7)
  4 ogres
  3 centaurs
  2 bullfrogs (D:7)
  Blork the orc (D:5)
  8 water moccasin zombies (Ossuary)
  Dowan (D:5)
  5 killer bees (D:7)
  2 bullfrog zombies (D:7)
  3 crimson imps
  A centaur zombie (D:5)
  A hound (D:4)
  7 orc wizards
  2 iguanas
  5 worker ants
  3 big kobold zombies (Ossuary)
  2 hound skeletons
  2 mummies (Ossuary)
  2 adders
  A shadow imp (D:5)
  3 adder skeletons
  6 adder zombies (Ossuary)
  2 worms
  A dart slug (D:3)
  8 leopard geckos
  9 orcs
  9 bats
  6 giant cockroaches
  3 gnoll zombies (Ossuary)
  6 goblins
  7 hobgoblins
  2 jackals (D:1)
  4 quokkas
  3 ball pythons
  6 frilled lizards
  5 hobgoblin zombies (Ossuary)
  3 jackal skeletons
  8 kobolds
  3 kobold zombies (Ossuary)
  2 orc zombies (Ossuary)
  A quokka skeleton (D:5)
  6 rats
167 creatures vanquished.

Notes
Turn   | Place    | Note
-------+----------+-------------------------------------------
     0 | D:1      | Kidiri the Deep Elf Fire Elementalist began the quest for the Orb.
     0 | D:1      | Reached XP level 1. HP: 10/10 MP: 6/6
   184 | D:1      | Reached XP level 2. HP: 8/15 MP: 2/8
   188 | D:1      | Learned a level 2 spell: Throw Flame
   389 | D:1      | Reached skill level 4 in Spellcasting
   846 | D:2      | Reached XP level 3. HP: 16/19 MP: 7/10
   851 | D:2      | Learned a level 3 spell: Conjure Flame
   855 | D:2      | Learned a level 3 spell: Inner Flame
  1412 | D:2      | Found a bloodstained altar of Trog.
  1655 | D:3      | Found an iron altar of Okawaru.
  1762 | D:3      | Reached skill level 5 in Spellcasting
  1762 | D:3      | Reached XP level 4. HP: 18/24 MP: 8/13
  1788 | D:3      | Learned a level 4 spell: Sticky Flame
  2022 | D:3      | Found a bloodstained altar of Trog.
  2025 | D:3      | Found a shimmering altar of Xom.
  2031 | D:3      | Found a glowing golden altar of the Shining One.
  2032 | D:3      | Found a deep blue altar of Sif Muna.
  2033 | D:3      | Found a snail-covered altar of Cheibriados.
  2034 | D:3      | Found a shadowy altar of Dithmenos.
  2272 | D:3      | Reached XP level 5. HP: 23/28 MP: 0/15
  2282 | D:3      | Reached skill level 6 in Spellcasting
  2799 | D:4      | Found a glowing silver altar of Zin.
  2859 | D:4      | Found Buzuck's Weapon Shop.
  2919 | D:4      | Noticed an ice beast
  2924 | D:4      | Killed an ice beast
  2924 | D:4      | Reached XP level 6. HP: 23/32 MP: 10/17
  2931 | D:4      | Learned a level 5 spell: Fireball
  3073 | D:4      | Reached skill level 7 in Spellcasting
  3263 | D:4      | Noticed Sigmund
  3269 | D:4      | Killed Sigmund
  3269 | D:4      | Reached skill level 1 in Fighting
  3269 | D:4      | Reached skill level 1 in Short Blades
  3269 | D:4      | Reached XP level 7. HP: 29/38 MP: 12/20
  3298 | D:4      | Found a sand-covered staircase.
  3304 | Ossuary  | Entered an ossuary
  3448 | Ossuary  | Reached skill level 1 in Armour
  3678 | Ossuary  | Reached skill level 8 in Spellcasting
  3678 | Ossuary  | Reached skill level 5 in Fire Magic
  3983 | Ossuary  | Reached XP level 8. HP: 40/43 MP: 16/22
  4387 | D:5      | Entered Level 5 of the Dungeon
  4491 | D:5      | Noticed Uhlv's ghost (novice VSAr)
  4532 | D:5      | Killed Uhlv's ghost
  4532 | D:5      | Reached skill level 9 in Spellcasting
  4683 | D:5      | Noticed Blork the orc
  4690 | D:5      | Killed Blork the orc
  4820 | D:5      | Noticed Dowan
  4826 | D:5      | Noticed Duvessa
  4840 | D:5      | Killed Dowan
  4840 | D:5      | Killed Duvessa
  4840 | D:5      | Reached skill level 5 in Conjurations
  4861 | D:5      | Reached XP level 9. HP: 49/49 MP: 0/24
  5231 | D:5      | Reached skill level 5 in Dodging
  5240 | D:5      | Found Jienog's Quality Used Wands.
  5749 | D:6      | Found Tiamitru's Food Boutique.
  5802 | D:6      | Got a crude mace
  5803 | D:6      | Identified the +4 mace "Rockum" {pain, rPois Str+2} (You found it on level 6 of the Dungeon)
  6032 | D:6      | Found an opulent altar of Gozag.
  6048 | D:6      | Found a radiant altar of Vehumet.
  6059 | D:6      | Became a worshipper of Vehumet
  6276 | D:6      | Found a staircase to the Ecumenical Temple.
  6283 | Temple   | Entered the Ecumenical Temple
  6848 | D:7      | Reached skill level 10 in Spellcasting
  7348 | D:7      | Reached skill level 1 in Evocations
  7422 | D:7      | Reached skill level 1 in Shields
  7969 | D:8      | Noticed a two-headed ogre
  7984 | D:8      | Mangled by a two-headed ogre

Vault maps used:
D:1:      moated_graveyard_arrival, minmay_liquid_box
D:2:      trog_book
D:3:      minitemple, okawaru_trees_1
D:4:      lemuel_doored_altar, first_bread, serial_shops, shop, enter_ossuary_3,
          uniq_sigmund
D:5:      nicolae_for_you_no_charge, uniq_duvessa, uniq_blork_the_orc
D:6:      serial_shops, shop, basic_altar, grunt_gozag_statues
D:7:      black_bear_nest_1, kennysheep_generic_room_14
D:8:      kiku_gazebo_pond_becter, david_defended_altar_orc
Temple:   oiseaux_autumnal_temple
Ossuary:  ossuary_tomb_2

Skill      XL: |  1  2  3  4  5  6  7  8  9 |
---------------+----------------------------+-----
Spellcasting   | 4 5 6 7 8 9 10 | 10.6
Conjurations   | 2 3 4 5 |  5.7
Fire Magic     | 4 5 6 |  6.4
Fighting       | 1 2 3 |  3.2
Short Blades   | 1 2 3 4 |  4.0
Dodging        | 3 4 5 |  5.9
Armour         | 1 2 |  2.9
Evocations     | 1 |  1.9
Shields        | 1 |  1.4
Stealth        | |  2.4

Action                   |  1- 3 |  4- 6 |  7- 9 || total
-------------------------+-------+-------+-------++-------
Melee: Unarmed           |     1 |       |       ||     1
       Short sword       |    19 |       |    52 ||    71
       Dagger            |     2 |    42 |    29 ||    73
       Mace              |       |       |    64 ||    64
 Cast: Flame Tongue      |    57 |    58 |   126 ||   241
       Throw Flame       |     1 |     2 |    12 ||    15
       Sticky Flame      |       |     7 |    18 ||    25
       Conjure Flame     |       |       |    11 ||    11
       Inner Flame       |       |       |     6 ||     6
       Fireball          |       |       |     1 ||     1
Evoke: Wand              |       |       |     4 ||     4
  Use: Scroll            |     7 |     1 |    10 ||    18
       Potion            |       |     1 |       ||     1
 Stab: Sleeping          |    10 |     6 |     5 ||    21
  Eat: Chunk             |     2 |     6 |     9 ||    17
       Beef jerky        |       |       |     2 ||     2
       Pizza             |       |       |     2 ||     2
Armor: Robe              |    18 |    17 |    35 ||    70
Dodge: Dodged            |    28 |    41 |   132 ||   201
Block: Other             |       |       |    17 ||    17
       Reflection        |       |       |     1 ||     1
